 Dungeon Crawl Stone Soup version 0.29-a0-322-g68df515428 (webtiles) character file.

Game seed: 472848895905786112

86 spaghetti the Skirmisher (level 4, -3/52 HPs)
             Began as a Demonspawn Berserker on Apr 9, 2022.
             Was a Follower of Trog.
             Slain by a gnoll
             ... wielding a +0 spear
              (6 damage)
             ... on level 3 of the Dungeon.
             The game lasted 00:02:26 (2295 turns).

spaghetti the Skirmisher (Demonspawn Berserker)     Turns: 2295, Time: 00:02:27

Health: -3/52      AC:  4    Str: 18    XL:     4   Next: 26%
Magic:  4/4        EV: 12    Int:  8    God:    Trog [*.....]
Gold:   128        SH:  0    Dex: 14    Spells: 3/3 levels left

rFire   . . .      SeeInvis .   a - +0 falchion {long}
rCold   . . .      Faith    .   (no shield)
rNeg    . . .      Spirit   .   b - +0 animal skin
rPois   .          Reflect  .   (no helmet)
rElec   .          Harm     .   (no cloak)
rCorr   .          Rampage  .   (no gloves)
Will    .....                   (no boots)
Stlth   ..........              (no amulet)
HPRegen 0.17/turn               (no ring)
MPRegen 0.09/turn               (no ring)

@: berserking, very quick
A: yellow scales 1
a: Renounce Religion, Berserk


You were on level 3 of the Dungeon.
You worshipped Trog.
Trog was aware of your devotion.
You visited 1 branch of the dungeon, and saw 3 of its levels.

You collected 128 gold pieces.


Innate Abilities, Weirdness & Mutations

You are partially covered in yellow scales. (AC +2)


   Skills:
 - Level 3.0 Fighting
 - Level 2.6 Long Blades
 + Level 1.9 Throwing
 - Level 1.7 Armour
 + Level 2.8 Dodging
 + Level 2.0 Stealth


You had 3 spell levels left.
You didn't know any spells.
Your spell library contained the following spells:

 Spells                   Type           Power      Damage    Failure   Level
 Ensorcelled Hibernation  Hex/Ice        0%         N/A       54%         2
 Ignite Poison            Fire/Tmut/Pois 0%         N/A       78%         3
 Mephitic Cloud           Conj/Pois/Air  0%         N/A       78%         3
 Spider Form              Tmut/Pois      0%         N/A       78%         3
 Anguish                  Hex/Necr       0%         N/A       99%         4
 Freezing Cloud           Conj/Ice/Air   0%         6-21      100%        5

Inventory:

Hand Weapons
 a - a +0 falchion (weapon) {long}
Missiles
 c - 89 stones (quivered) {throwing}
Armour
 b - a +0 animal skin (worn)
Magical Staves
 f - a staff of cold {forbidden!astaff}
   (You found it on level 2 of the Dungeon)
Wands
 k - a wand of iceblast (13)
   (You took it off a kobold on level 3 of the Dungeon)
Scrolls
 d - 2 scrolls of identify {unknown}
 g - a scroll of magic mapping {unknown}
 m - a scroll of enchant armour {unknown}
Potions
 e - a potion of heal wounds {unknown}
 h - a potion of attraction {unknown}
 i - a potion of resistance {unknown}
 j - a potion of flight {unknown}
 l - a potion of magic {unknown}

Dungeon Overview and Level Annotations

Branches:
Dungeon (3/15)

Altars:
Elyvilon
Ru

Shops:
D:2

[ ....>.. .......
....... .......
....... . .......
.. ......)####
...
#((.(g@..####....
#.#.####.....†...
#........J.....
######......... #
##.###..... .#.
#..####....
####....
####..........
...#...#
##.....#######
......#
###.....##


You could see a gnoll and an endoplasm.


Message History

Things that are here:
a +0 dagger {short}; an orc corpse
c - 92 stones {throwing} (gained 1)
c - 93 stones {throwing} (gained 1)
You now have 128 gold pieces (gained 5).
c - 95 stones {throwing} (gained 2)
m - a scroll labelled GEXOATWACW
Found a stone staircase leading up.
Key pressed, stopping explore.
Found a sacrificial altar of Ru.
There is an open gate here.
You open the gate.
Found a white marble altar of Elyvilon.
You open the gate.
There is an open gate here.
A frilled lizard comes into view.
A frilled lizard is nearby!
A frilled lizard is nearby!
You throw a stone {throwing}.
The stone {throwing} hits the frilled lizard.
You kill the frilled lizard!
Trog accepts your kill.
No target in view!
No target in view!
No target in view!
No target in view!
No target in view!
No target in view!
No target in view!
No target in view!
No target in view!
No target in view!
No target in view! 2 gnolls come into view.
The gnoll shouts! x2
There are monsters nearby!
You throw a stone {throwing}.
The stone {throwing} hits the gnoll but does no damage.
You throw a stone {throwing}.
The stone {throwing} closely misses the gnoll.
A gnoll comes into view. It is wielding a +0 spear.
You throw a stone {throwing}. The gnoll shouts!
The stone {throwing} hits the gnoll but does no damage.
You throw a stone {throwing}.
The stone {throwing} hits the gnoll but does no damage.
The gnoll hits you from afar with a +0 spear.
You throw a stone {throwing}.
The stone {throwing} hits the gnoll but does no damage.
The gnoll closely misses you.
You barely miss the gnoll. The gnoll barely misses you.
The gnoll hits you with a +0 flail. The gnoll closely misses you.
The gnoll hits you from afar with a +0 spear.
You are too injured to fight recklessly! 😮 HP[-9]
You take 9 damage, and now have 20/29 hp.
MASSIVE DAMAGE!! (PAUSE)
A red film seems to cover your vision as you go berserk!
You feel yourself moving faster!
You feel mighty!
You can no longer call upon Trog for regeneration and willpower.
The gnoll hits you from afar with a +0 spear.
The gnoll hits you from afar with a +0 spear!
* * * LOW HITPOINT WARNING * * *
The gnoll hits you with a +0 flail.
* * * LOW HITPOINT WARNING * * *
😨 HP[-2]
You now have 43 max hp (+14).
Unknown command.
You slash the gnoll! You slash the gnoll!
You kill the gnoll!
Trog accepts your kill.
The gnoll hits you from afar with a +0 spear.
* * * LOW HITPOINT WARNING * * *
The gnoll hits you from afar with a +0 spear.
* * * LOW HITPOINT WARNING * * *
Your Stealth skill increases to level 2!
You have reached level 4!
You feel stronger. 😨 HP[-4] MP[+1]
You now have 52 max hp (+9).
Your mp is fully restored (4).
Found a stone staircase leading down.
The gnoll hits you with a +0 spear!
* * * LOW HITPOINT WARNING * * *
The gnoll hits you with a +0 spear.
* * * LOW HITPOINT WARNING * * *
You see here a +0 flail {mace}. 😱 HP[-11]
You take 11 damage, and now have 3/52 hp.
MASSIVE DAMAGE!! (PAUSE) Unknown command.
You hit the gnoll. You slash the gnoll!
You kill the gnoll!
Trog accepts your kill.
An endoplasm comes into view.
The gnoll barely misses you.
The endoplasm quivers.
You slash the gnoll! The gnoll barely misses you.
You closely miss the gnoll. The gnoll hits you with a +0 spear.
You die...

Skill      XL: |  1  2  3 |
---------------+----------+-----
Dodging        | 2 |  2.8
Stealth        | 1 2 |  2.0
Throwing       | 1 |  1.9
Fighting       | |  3.0
Long Blades    | |  2.6
Armour         | |  1.7

Action                   |  1- 3 |  4- 6 || total
-------------------------+-------+-------++-------
Melee: Falchion          |   109 |     4 ||   113
       Punch             |     1 |       ||     1
Throw: Stone             |   119 |       ||   119
Invok: Berserk           |     3 |       ||     3
Armor: Animal skin       |    30 |       ||    30
Dodge: Dodged            |    69 |     2 ||    71

Levels and vault maps discovered:
D:1:      amcnicky_arrival_feature_with_door, layout_basic,
          shapermc_ecumenical_altar_acropolis, solitary_fountain, minivault_14,
          minmay_misc_feat_roman, minmay_misc_feat_alley
D:2:      minmay_general_purpose_star, layout_basic, serial_shops,
          nicolae_shop_stone, hangedman_decor_points
D:3:      layout_rooms, dk_yredelemnul_ordeal, mainiacjoe_overflow_big_doors,
          gammafunk_temple_overflow_pools

Notes
Turn   | Place    | Note
-------+----------+-------------------------------------------
     0 | D:1      | spaghetti the Demonspawn Berserker began the quest for the
                  | Orb.
     0 | D:1      | Reached XP level 1. HP: 18/18 MP: 1/1
     0 | D:1      | magus.rc [v1.9.6]
    24 | D:1      | Found a faded altar of an unknown god.
    39 | D:1      | You add the spells Ignite Poison, Mephitic Cloud and
                  | Freezing Cloud to your library.
   415 | D:1      | Reached skill level 2 in Dodging
   592 | D:1      | Gained mutation: You are partially covered in yellow
                  | scales. (AC +2) [demonic ancestry]
   592 | D:1      | Reached XP level 2. HP: 24/24 MP: 2/2
   619 | D:1      | Reached skill level 1 in Stealth
   787 | D:1      | Reached skill level 1 in Throwing
  1112 | D:2      | Reached XP level 3. HP: 27/29 MP: 3/3
  1241 | D:2      | Reached ** piety under Trog
  1266 | D:2      | You pick up a book of Dreams {forbidden} and begin
                  | reading...
  1266 | D:2      | You add the spells Ensorcelled Hibernation, Spider Form and
                  | Anguish to your library.
  1841 | D:2      | Found Ileoseq's Antique Armour Emporium.
  2257 | D:3      | Found a sacrificial altar of Ru.
  2291 | D:3      | Reached skill level 2 in Stealth
  2291 | D:3      | Reached XP level 4. HP: 14/35 MP: 4/4
  2291 | D:3      | HP: 6/52 [gnoll/+0 spear (8)]
  2295 | D:3      | Slain by a gnoll

Vanquished Creatures
  2 gnolls (D:3)
  2 adders
  A dart slug (D:1)
  An orc (D:3)
  3 ball pythons
  2 bats (D:2)
  3 endoplasms (D:2)
  A giant cockroach (D:2)
  4 goblins
  A hobgoblin (D:1)
  8 jackals
  2 quokkas
  2 frilled lizards
  8 kobolds
  2 rats
42 creatures vanquished.

Table legend:
 A = Non-vault XP
 B = Vault XP
 C = Vault XP percentage of total XP
 D = Non-vault monster count
 E = Vault monster count
 F = Vault count percentage of total count
                 A         B        C        D         E       F
            +---------+---------+-------+---------+---------+-------
      Total |     122 |       1 |   0.8 |      41 |       1 |   2.4
            +---------+---------+-------+---------+---------+-------
        D:1 |      33 |       0 |   0.0 |      18 |       0 |   0.0
        D:2 |      42 |       1 |   2.3 |      17 |       1 |   5.6
        D:3 |      47 |       0 |   0.0 |       6 |       0 |   0.0
            +---------+---------+-------+---------+---------+-------

Illustrated notes

Table legend:
 A = Kills in this place as a percentage of kills in entire the game.
 B = Kills by you in this place as a percentage of kills by you in the entire game.
 C = Kills by friends in this place as a percentage of kills by friends in the entire game.
 D = Other kills in this place as a percentage of other kills in the entire game.
 E = Experience gained in this place as a percentage of experience gained in the entire game.
 F = Experience gained in this place divided by the number of levels of this place that you have seen.
                   A       B       C       D       E      F
               +-------+-------+-------+-------+-------+----------------------
         Total | 100.0 | 100.0 |   N/A |   N/A | 100.0 |  41.0
       Dungeon | 100.0 | 100.0 |   N/A |   N/A | 100.0 |  41.0
               +-------+-------+-------+-------+-------+----------------------

Table legend: (Time is in decaauts)
 A = Elapsed time spent in this place.
 B = Non-inter-level travel time spent in this place.
 C = Inter-level travel time spent in this place.
 D = Time resting spent in this place.
 E = Time spent auto-exploring this place.
 F = Levels seen in this place.
 G = Mean time per level.
                   A        B        C        D        E       F      G
               +--------+--------+--------+--------+--------+-----+--------+
         Total |   2335 |   2294 |     41 |    251 |   1709 |   3 |  778.3 |
       Dungeon |   2335 |   2294 |     41 |    251 |   1709 |   3 |  778.3 |
               +--------+--------+--------+--------+--------+-----+--------+

Top non-repeatable levels by time:
     D:2: 1175 daAuts
     D:1: 1010 daAuts
     D:3: 150 daAuts
